 Dungeon Crawl Stone Soup version 0.14-a0-2071-g7172c92 (webtiles) character file.

23189 Jenx the Thaumaturge (level 12, -7/75 (77) HPs)
             Began as a Deep Elf Conjurer on Jan 23, 2014.
             Was an Elder of Vehumet.
             Mangled by a frost giant
             ... wielding a +4,+2 glaive of freezing
              (22 damage)
             ... in an ice cave.
             The game lasted 01:19:46 (18673 turns).

Jenx the Thaumaturge (Deep Elf Conjurer)           Turns: 18673, Time: 01:19:47

HP  -7/75 (77)   AC 11     Str  9      XL: 12   Next: 64%
MP   8/36        EV 10     Int 27      God: Vehumet [****..]
Gold 591         SH  0     Dex 20      Spells:  7 memorised, 15 levels left

rFire  x . .     SeeInvis .     G - staff of death
rCold  + + .     Clarity  .     d - +1 elf ring mail {rC+}
rNeg   + . .     Conserve .     (no shield)
rPois  .         rCorr    .     (no helmet)
rElec  .         rRot     .     (no cloak)
SustAb . .       Spirit   .     o - +0 pair of gloves {Dex+3}
rMut   .         Warding  .     s - +1 pair of boots
Saprov . . .     Stasis   .     (no amulet)
MR     +....                    r - cursed ring "Yreytz" {Ice Dex+2 Int+3 Curse}
                                k - +2 ring of strength

@: very slightly contaminated, somewhat resistant to hostile enchantments,
fairly stealthy
A: no striking features
a: Renounce Religion


You were in an ice cave.
You worshipped Vehumet.
Vehumet was greatly pleased with you.
You were not hungry.

You visited 3 branches of the dungeon, and saw 14 of its levels.
You also visited: Ossuary and Ice Cave.

You collected 591 gold pieces.

Inventory:

Hand weapons
 a - a +3,+4 spear of freezing
Armour
 d - a +1 elven ring mail of cold resistance (worn)
 o - a +0 pair of gloves of dexterity (worn)
 s - a +1 pair of boots (worn)
 J - a +2 orcish leather armour of magic resistance
Magical devices
 e - a wand of lightning (3)
 l - a wand of flame (8)
 p - a wand of confusion (8)
 t - a wand of fire (2)
 A - a wand of confusion (16)
 L - a wand of hasting (6)
Comestibles
 g - 3 bread rations
 w - 4 rotting chunks of polar bear flesh
 B - 5 pears
Scrolls
 b - a scroll of identify
 f - 4 scrolls of remove curse
 h - 2 scrolls of teleportation
 i - a scroll of blinking
 j - a scroll of immolation {unknown}
 m - 2 scrolls of amnesia
 q - a scroll of fog
 u - a scroll of fear {unknown}
 v - a scroll of magic mapping
 C - 2 scrolls of enchant weapon II
Jewellery
 k - a +2 ring of strength (left hand)
 n - a +3 ring of strength
 r - the cursed ring "Yreytz" (right hand) {Ice Dex+2 Int+3 Curse}
   (You found it on level 2 of the Lair of Beasts)

   [ring of ice]

   It affects your intelligence (+3).
   It affects your dexterity (+2).
   It may recurse itself when equipped.
   It has a curse placed upon it.
 y - an uncursed ring of teleportation
 E - a cursed ring of see invisible {unknown}
Books
 c - a book of Conjurations

   Spells                             Type                      Level
   *Magic Dart                        Conjuration                  1
   Searing Ray                        Conjuration                  2
   Dazzling Spray                     Conjuration/Hexes            3
   *Iskenderun's Mystic Blast         Conjuration                  4
   *Iskenderun's Battlesphere         Conjuration/Charms           4
   *Fulminant Prism                   Conjuration/Hexes            5
Magical staves
 G - an uncursed staff of death (weapon)


   Skills:
 - Level 10.0 Fighting
 - Level 7.0 Armour
 + Level 4.9 Dodging
 - Level 2.4 Stealth
 + Level 14.2 Spellcasting
 - Level 10.0 Conjurations
 - Level 4.2 Hexes
 - Level 6.0 Charms
 - Level 3.1 Fire Magic
 - Level 2.0 Air Magic


You had 15 spell levels left.
You knew the following spells:

 Your Spells              Type           Power        Failure   Level  Hunger
a - Magic Dart            Conj           ####         1%          1    None
b - Iskenderun's Mystic   Conj           ######..     1%          4    None
c - Mephitic Cloud        Conj/Pois/Air  #####...     1%          3    None
d - Iskenderun's Battles  Conj/Chrm      ######..     1%          4    None
e - Airstrike             Air            ####......   4%          4    None
f - Fulminant Prism       Conj/Hex       ######....   1%          5    None
g - Inner Flame           Hex/Fire       ###.....     1%          3    None


Dungeon Overview and Level Annotations

Branches:
Dungeon (9/16)             Temple (1/1) D:6            Lair (4/8) D:9
    Orc: D:9-12       Swamp: Lair:3-6    Shoals: Lair:3-6     Snake: Lair:3-6
 Spider: Lair:3-6

Altars:
Cheibriados
Dithmengos
Elyvilon
Fedhas
Kikubaaqudgha
Makhleb
Okawaru
Sif Muna
Trog
Vehumet
Xom
Yredelemnul

Annotations:
Lair:1 exclusion: oklob plant


Message History

The frost giant gestures at you while chanting.
The bolt of cold hits your battlesphere.
Your battlesphere resists.
Your battlesphere is destroyed!
The bolt of cold hits you! You resist.
* * * LOW HITPOINT WARNING * * *
Casting: Mephitic Cloud
Confirm with . or Enter, or press ? or * to list all spells.
You conjure a globe of magical energy.
The frost giant is engulfed in noxious fumes.
The frost giant is engulfed in noxious fumes.
Casting: Iskenderun's Battlesphere
Confirm with . or Enter, or press ? or * to list all spells.
Aiming: Magic Dart
Press: ? - help, Shift-Dir - straight line, f/p - frost giant
Aim: a frost giant, wielding a glaive of freezing and wearing a runed ruby ring (severely wounded)
The magic dart hits the frost giant.
The frost giant is severely wounded.
The frost giant hits you from afar with a glaive of freezing!
You die...

##### #§=|###
#)C##.##
#§*#...####
#|§#§...#.# #
##§§§.C.#.##
##.
#.#.#.#.*#.##
#.##
#.######@##.#
#..# #.
#####.##
##..## #.
##..#.##
##....# ..
#...#..#
#.....## #.
##.##...#
##..#...# .
#..###⌠.#
#..###..##
#%###..####.##
##.%# #..#####
#.%# ##.#
##..## ##..#
##.#


You could see a frost giant.

Vanquished Creatures
  A death yak (IceCv)
  An ice statue (IceCv)
  A spiny frog (Lair:1)
  Grinder (D:5)
  A troll (D:8)
  20 polar bears (IceCv)
  3 wandering mushrooms (Lair:3)
  3 blink frogs (Lair:1)
  A wyvern (Lair:4)
  2 hungry ghosts
  A basilisk (Lair:2)
  37 yaks
  The ghost of MirrMurr the Covert, an average SpEn (D:3)
  3 hippogriffs
  A merfolk (D:7)
  Edmund (D:5)
  Menkaure (D:4)
  5 necrophages
  17 wolves
  4 ice beasts
  10 porcupines
  A phantom (D:8)
  A giant goldfish (Lair:3)
  5 ogres
  2 rotting devils (D:8)
  4 crocodiles
  5 centaurs
  5 water moccasins
  Sigmund (D:3)
  2 giant slugs
  2 agate snails
  9 giant frogs
  A jellyfish (Lair:3)
  2 fulminant prisms (IceCv)
  8 wights
  4 electric eels (Lair:3)
  2 crimson imps
  A troll skeleton (D:5)
  A goliath beetle (D:7)
  6 hounds
  6 big fish
  2 jellies (D:6)
  4 iguanas
  3 orc priests
  8 orc wizards
  2 scorpions (D:4)
  A basilisk skeleton (D:9)
  7 worker ants
  14 mummies
  A worker ant zombie (D:7)
  62 green rats
  15 adders
  A giant mite (D:5)
  An inept feature mimic (D:2)
  An adder skeleton (D:4)
  A giant eyeball (D:4)
  7 giant geckos
  5 oozes
  34 orcs
  A ball python (D:3)
  17 bats
  6 giant cockroaches
  16 goblins
  14 hobgoblins
  30 jackals
  21 kobolds
  A giant gecko skeleton (D:4)
  6 giant newts
  2 goblin skeletons (Ossuary)
  3 kobold skeletons
  6 orc skeletons
  8 quokkas
  A quokka skeleton (D:5)
  15 rats
  11 rat skeletons (Ossuary)
  2 fungi (Lair:3)
  A plant (Lair:3)
513 creatures vanquished.

Vanquished Creatures (others)
  A wolf (IceCv)
  36 fulminant prisms
  A goblin skeleton (Ossuary)
  4 fungi
  A plant (D:9)
43 creatures vanquished.

Grand Total: 556 creatures vanquished

Notes
Turn   | Place    | Note
--------------------------------------------------------------
     0 | D:1      | Jenx, the Deep Elf Conjurer, began the quest for the Orb.
     0 | D:1      | Reached XP level 1. HP: 10/10 MP: 5/5
   350 | D:1      | Reached XP level 2. HP: 15/15 MP: 4/8
   391 | D:1      | Reached skill level 5 in Conjurations
   775 | D:2      | Reached XP level 3. HP: 12/19 MP: 10/10
   902 | D:2      | Found a white marble altar of Elyvilon.
   902 | D:2      | Found a deep blue altar of Sif Muna.
   914 | D:2      | Learned a level 3 spell: Dazzling Spray
  1477 | D:2      | Reached skill level 6 in Conjurations
  1544 | D:3      | Reached XP level 4. HP: 17/24 MP: 6/13
  1584 | D:3      | Learned a level 4 spell: Iskenderun's Battlesphere
  1728 | D:3      | Noticed MirrMurr's ghost (average SpEn)
  1752 | D:3      | Killed MirrMurr's ghost
  1752 | D:3      | Reached skill level 7 in Conjurations
  1752 | D:3      | Reached XP level 5. HP: 7/28 MP: 2/16
  2134 | D:3      | Noticed Sigmund
  2153 | D:3      | Killed Sigmund
  2153 | D:3      | Reached skill level 8 in Conjurations
  2153 | D:3      | Reached XP level 6. HP: 26/32 MP: 9/18
  3247 | D:4      | Reached skill level 1 in Charms
  3445 | D:4      | Noticed a hungry ghost
  3479 | D:4      | Killed a hungry ghost
  3479 | D:4      | Reached skill level 9 in Conjurations
  3479 | D:4      | Reached XP level 7. HP: 28/36 MP: 13/20
  4228 | D:4      | Noticed Menkaure
  4240 | D:4      | Killed Menkaure
  4541 | D:4      | Learned a level 4 spell: Iskenderun's Mystic Blast
  4629 | D:4      | Reached skill level 10 in Conjurations
  4862 | D:5      | Entered Level 5 of the Dungeon
  4902 | D:5      | Reached skill level 5 in Spellcasting
  4902 | D:5      | Reached XP level 8. HP: 41/41 MP: 11/24
  5371 | D:5      | Noticed Grinder
  5403 | D:5      | Noticed Edmund
  5419 | D:5      | Killed Edmund
  5816 | D:5      | Learned a level 5 spell: Fulminant Prism
  5854 | D:5      | Killed Grinder
  6012 | D:6      | Found a staircase to the Ecumenical Temple.
  6021 | Temple   | Entered the Ecumenical Temple
  6035 | Temple   | Became a worshipper of Vehumet
  6100 | D:6      | Reached XP level 9. HP: 29/49 MP: 9/29
  6450 | D:6      | Found a sand-covered staircase.
  6570 | Ossuary  | Entered an ossuary
  6932 | Ossuary  | Acquired Vehumet's first power
  6932 | Ossuary  | Offered knowledge of Sandblast by Vehumet.
  7699 | D:7      | Found a bloodstained altar of Trog.
  7783 | D:7      | Offered knowledge of Shock by Vehumet.
  7783 | D:7      | Reached skill level 5 in Fighting
  7826 | D:7      | Got a flickering lapis lazuli ring
  7828 | D:7      | Identified the ring of Hez Erod {+/*Tele rC++ Dex+3} (You found it on level 7 of the Dungeon)
  8920 | D:8      | Offered knowledge of Inner Flame by Vehumet.
  8926 | D:8      | Learned a level 3 spell: Inner Flame
  9046 | D:8      | Found a snail-covered altar of Cheibriados.
  9528 | D:8      | Reached XP level 10. HP: 59/63 MP: 27/30
 10067 | D:8      | Reached skill level 10 in Spellcasting
 10244 | D:9      | Acquired Vehumet's second power
 10308 | D:9      | Found a staircase to the Lair.
 10569 | D:9      | Offered knowledge of Airstrike by Vehumet.
 10588 | D:9      | Learned a level 4 spell: Airstrike
 10632 | Lair:1   | Entered Level 1 of the Lair of Beasts
 10753 | Lair:1   | Reached skill level 1 in Fire Magic
 10997 | Lair:1   | Acquired Vehumet's third power
 11248 | Lair:1   | HP: 3/64 [you] (13)]
 11400 | Lair:1   | Reached XP level 11. HP: 69/69 MP: 25/32
 11409 | Lair:1   | Offered knowledge of Mephitic Cloud by Vehumet.
 11527 | Lair:1   | Learned a level 3 spell: Mephitic Cloud
 11627 | Lair:1   | Found a blossoming altar of Fedhas.
 11683 | Lair:1   | Noticed an oklob plant
 12048 | Lair:1   | Reached skill level 1 in Air Magic
 12316 | Lair:2   | Got a slimy ivory ring
 12664 | Lair:2   | Reached skill level 10 in Fighting
 12766 | Lair:2   | Reached skill level 11 in Spellcasting
 13183 | Lair:2   | Reached skill level 5 in Charms
 14191 | Lair:3   | Reached skill level 1 in Armour
 14350 | Lair:3   | Reached skill level 12 in Spellcasting
 14713 | Lair:3   | Offered knowledge of Olgreb's Toxic Radiance by Vehumet.
 15961 | Lair:4   | Found a frozen archway.
 15971 | IceCv    | Entered an ice cave
 16230 | IceCv    | Reached XP level 12. HP: 75/75 MP: 26/35
 16281 | IceCv    | Reached skill level 5 in Armour
 16642 | IceCv    | Noticed a death yak
 16646 | IceCv    | Reached skill level 13 in Spellcasting
 16655 | IceCv    | Killed a death yak
 17501 | IceCv    | Noticed an ice statue
 17577 | IceCv    | Killed an ice statue
 18409 | IceCv    | Reached skill level 14 in Spellcasting
 18644 | IceCv    | Noticed a frost giant
 18673 | IceCv    | Mangled by a frost giant

Action                   |  1- 3 |  4- 6 |  7- 9 | 10-12 || total
-------------------------+-------+-------+-------+-------++-------
Melee: Whip              |    34 |     9 |    78 |       ||   121
       Dagger            |    19 |    69 |    21 |       ||   109
       Short sword       |       |    25 |    26 |       ||    51
       Spear             |       |       |    13 |   190 ||   203
       Staff             |       |       |       |    12 ||    12
Throw: Dart              |       |       |     3 |       ||     3
 Cast: Magic Dart        |    48 |    53 |   217 |   395 ||   713
       Dazzling Spray    |       |    13 |    74 |    55 ||   142
       Iskenderun's Batt |       |       |    11 |    48 ||    59
       Iskenderun's Myst |       |       |    36 |   115 ||   151
       Fulminant Prism   |       |       |     5 |    33 ||    38
       Inner Flame       |       |       |       |     1 ||     1
       Mephitic Cloud    |       |       |       |    59 ||    59
       Airstrike         |       |       |       |    12 ||    12
Evoke: Wand              |       |       |     9 |    19 ||    28
  Use: Scroll            |       |     8 |    13 |    15 ||    36
       Potion            |       |       |     2 |     1 ||     3
 Stab: Sleeping          |     3 |     2 |       |       ||     5
       Invisible         |       |       |     2 |       ||     2
       Confused          |       |       |       |     1 ||     1
